 Dungeon Crawl Stone Soup version 0.30-a0-879-ga8ba668304 (webtiles) character file.

Game seed: 8438740620077905844

753 kenny the Conjurer (level 7, -2/36 HPs)
             Began as a Deep Elf Conjurer on Mar 12, 2023.
             Was an Initiate of Ashenzari.
             Killed from afar by a kobold (10 damage)
             ... with a puff of flame
             ... on level 5 of the Dungeon.
             The game lasted 00:12:56 (4305 turns).

kenny the Conjurer (Deep Elf Conjurer)              Turns: 4305, Time: 00:12:56

Health: -2/36      AC:  2    Str:  4    XL:     7   Next: 49%
Magic:  3/19       EV: 13    Int: 25    God:    Ashenzari [......]
Gold:   231        SH:  0    Dex: 13    Spells: 6/20 levels left

rFire   x . .      SeeInvis .    j - +5 dagger of the Saviour {venom, +Blink rPois rF- rN+}
rCold   . . .      Faith    .    (no shield)
rNeg    + + .      Spirit   .    a - +0 robe
rPois   +          Reflect  .    (no helmet)
rElec   .          Rampage  .    (no cloak)
rCorr   .                        (no gloves)
Will    .....                    (no boots)
Stlth   ++                       (no amulet)
HPRegen 0.26/turn                o - ring of positive energy
MPRegen 0.16/turn                (no ring)

@: no status effects
A: no striking features
a: Renounce Religion, Evoke Blink


You were on level 5 of the Dungeon.
You worshipped Ashenzari.
Ashenzari was noncommittal.
You visited 2 branches of the dungeon, and saw 6 of its levels.

You collected 231 gold pieces.

Inventory:

Hand Weapons
 d - a +0 dagger
 j - the +5 dagger of the Saviour (weapon) {venom, +Blink rPois rF- rN+}
   (You found it on level 2 of the Dungeon)

   rF:        It makes you vulnerable to fire.
   rPois:     It protects you from poison.
   rN:        It protects you from negative energy.
   +Blink:    It lets you blink.
Armour
 a - a +0 robe (worn)
Magical Staves
 g - a staff of conjuration
Jewellery
 o - a ring of positive energy (left hand)
Scrolls
 h - 2 scrolls of poison
 k - 2 scrolls of teleportation
 p - a scroll of enchant weapon
 q - a scroll of fear
 r - a scroll of butterflies
Potions
 b - 2 potions of magic
 e - a potion of flight
 f - 2 potions of mutation {unknown}
 i - 4 potions of curing {unknown}
 l - 2 potions of lignification {unknown}
 m - 2 potions of degeneration {unknown}
 n - a potion of heal wounds {unknown}


   Skills:
 + Level 3.8 Dodging
 + Level 3.6 Stealth
 + Level 7.0 Spellcasting
 + Level 7.7 Conjurations
 + Level 1.1 Hexes
 + Level 0.1 Translocations


You had 6 spell levels left.
You knew the following spells:

 Your Spells              Type           Power      Damage    Failure   Level
a - Magic Dart            Conj           100%       1d8       1%          1
b - Searing Ray           Conj           94%        2d7       1%          2
c - Dazzling Flash        Conj/Hex       62%        N/A       3%          3
d - Fulminant Prism       Conj/Hex       15%        3d10      11%         4
e - Iskenderun's Mystic   Conj/Tloc      28%        2d7       13%         4

Your spell library contained the following spells:

 Spells                   Type           Power      Damage    Failure   Level
 Kiss of Death            Conj/Necr      100%       2d13      1%          1
 Momentum Strike          Conj/Tloc      56%        3d9       1%          2
 Mephitic Cloud           Conj/Pois/Air  21%        N/A       7%          3
 Blink                    Tloc           18%        N/A       10%         2
 Cigotuvi's Dreadful Rot  Necr/Pois/Air  16%        N/A       10%         2
 Lesser Beckoning         Tloc           18%        N/A       10%         2
 Poisonous Vapours        Pois/Air       16%        N/A       10%         2
 Sublimation of Blood     Necr           8%         N/A       10%         2
 Wereblood                Tmut           8%         N/A       10%         2
 Confusing Touch          Hex            14%        N/A       12%         3
 Portal Projectile        Hex/Tloc       24%        N/A       16%         3
 Call Canine Familiar     Summ           8%         N/A       21%         3
 Leda's Liquefaction      Hex/Erth       5%         N/A       45%         4
 Dispel Undead            Necr           8%         3d8       54%         4
 Summon Hydra             Summ           4%         N/A       100%        7


Dungeon Overview and Level Annotations

Branches:
Dungeon (5/15)             Temple (1/1) D:4

Altars:
Ashenzari
Cheibriados
Dithmenos
Elyvilon
Fedhas
Gozag
Hepliaklqana
Kikubaaqudgha
Makhleb
Nemelex Xobeh
Okawaru
Qazlal
Ru
Sif Muna
Trog
Uskayaw
Vehumet
Wu Jian
Xom
Yredelemnul
Zin
The Shining One

Shops:
D:5 [=

Annotations:
D:3 2 transporters, cforsyth's ghost, amateur BaFi
D:5 Edmund; Sigmund


Message History

Okay, then.
Casting: Magic Dart (safe; 1% risk of failure)
Confirm with . or Enter, or press ? or * to list all spells.
The spell is quite dangerous to miscast (14% risk of failure)!
Continue anyway?
You erupt in a blast of force!
The mystic blast hits the kobold brigand.
The kobold brigand is lightly wounded.
Casting: Iskenderun's Mystic Blast (quite dangerous; 14% risk of failure)
Confirm with . or Enter, or press ? or * to list all spells.
The spell is quite dangerous to miscast (14% risk of failure)!
Continue anyway?
You erupt in a blast of force!
The mystic blast hits the kobold brigand!
The kobold brigand is moderately wounded.
The kobold brigand is knocked back by the mystic blast.
The kobold shouts!
Casting: Iskenderun's Mystic Blast (quite dangerous; 14% risk of failure)
Confirm with . or Enter, or press ? or * to list all spells.
The spell is quite dangerous to miscast (14% risk of failure)!
Continue anyway?
You erupt in a blast of force!
The mystic blast hits the kobold brigand.
The kobold brigand is heavily wounded.
The kobold brigand is knocked back by the mystic blast.
The kobold brigand slams into the rock wall!
The kobold brigand is severely wounded.
Casting: Iskenderun's Mystic Blast (quite dangerous; 14% risk of failure)
Confirm with . or Enter, or press ? or * to list all spells.
The spell is quite dangerous to miscast (14% risk of failure)!
Continue anyway?
You erupt in a blast of force!
The mystic blast hits the kobold brigand!
The kobold brigand is almost dead.
The kobold brigand is knocked back by the mystic blast.
The kobold brigand slams into the rock wall!
You kill the kobold brigand!
Your Spellcasting skill increases to level 7!
Your Hexes skill increases to level 1!
You are too injured to fight recklessly!
The kobold hits you but does no damage.
The kobold zaps a wand.
The puff of flame hits you! The fire burns you terribly!
You die...

..M#+#.#..###.....#...#
####...#### ##...#.#..#
#......+ #...#...#.#
#......## #..#..∩..##
#.......# ##...#...#.#
+.......###.....#.#..#
#.......#........#...#
#......##......##..###.
#......'...K.@.....#...
#####...##...K.......#.#
'#...#+#.#.).......#....#.
.......#####..............
.......K.# #K#........###..
.......K##...####....##....
........K)..... ###.......#
.......##......###..#.....#
.......# ......#.#.........


You could see 3 kobolds.

Vanquished Creatures
  Menkaure (D:5)
  An ice beast (D:5)
  A sky beast (D:4)
  A kobold brigand (D:5)
  2 scorpions
  A hound (D:5)
  2 iguanas (D:5)
  2 orc wizards (D:4)
  3 adders
  An ufetubus (D:4)
  5 dart slugs
  6 orcs (D:4)
  A ball python (D:4)
  12 bats
  3 endoplasms
  A giant cockroach (D:4)
  6 goblins
  6 hobgoblins
  7 jackals (D:2)
  10 kobolds
  2 quokkas
  A frilled lizard (D:2)
  8 rats
83 creatures vanquished.

Vanquished Creatures (others)
  11 fulminant prisms
11 creatures vanquished.

Grand Total: 94 creatures vanquished

Notes
Turn   | Place    | Note
-------+----------+-------------------------------------------
     0 | D:1      | kenny the Deep Elf Conjurer began the quest for the Orb.
     0 | D:1      | Reached XP level 1. HP: 10/10 MP: 6/6
   332 | D:1      | Reached XP level 2. HP: 15/15 MP: 4/8
   476 | D:1      | Reached skill level 5 in Conjurations
   795 | D:1      | Learned a level 2 spell: Searing Ray
   819 | D:2      | Reached XP level 3. HP: 9/19 MP: 1/9
  1517 | D:2      | Identified the +5 dagger of the Saviour {venom, +Blink
                  | rPois rF- rN+}
  1575 | D:3      | Learned a level 3 spell: Dazzling Flash
  1575 | D:3      | Noticed a kobold brigand
  1590 | D:3      | Noticed a small abomination
  1607 | D:3      | Noticed a small abomination
  1692 | D:3      | Reached XP level 4. HP: 24/24 MP: 7/11
  1918 | D:3      | Found a transporter.
  1927 | D:3      | Found a transporter.
  2076 | D:3      | Noticed a scorpion
  2081 | D:3      | Killed a scorpion
  2082 | D:3      | Reached XP level 5. HP: 28/28 MP: 6/13
  2087 | D:3      | Learned a level 4 spell: Fulminant Prism
  2336 | D:4      | Noticed a sky beast
  2380 | D:3      | Noticed cforsyth's ghost (amateur BaFi)
  2739 | D:4      | Found a broken altar of Ashenzari.
  2748 | D:4      | Became a worshipper of Ashenzari the Shackled
  2791 | D:4      | Found an iron altar of Okawaru.
  2791 | D:4      | Found a hide-covered altar of Uskayaw.
  2796 | D:4      | Reached skill level 5 in Spellcasting
  2852 | D:5      | Entered Level 5 of the Dungeon
  2852 | D:5      | Noticed Edmund
  2852 | D:5      | Noticed an ice beast
  2861 | D:4      | Reached XP level 6. HP: 12/32 MP: 10/15
  3058 | D:4      | Found a staircase to the Ecumenical Temple.
  3077 | D:4      | Killed a sky beast
  3374 | Temple   | Entered the Ecumenical Temple
  3717 | D:5      | Noticed Sigmund
  3722 | D:5      | Learned a level 4 spell: Iskenderun's Mystic Blast
  3733 | D:5      | Killed an ice beast
  3734 | D:5      | Reached XP level 7. HP: 36/36 MP: 1/18
  3840 | D:5      | Found Tecur's Armour Shop.
  4109 | D:5      | Found Mutezior's Jewellery Boutique.
  4139 | D:5      | Noticed Menkaure
  4160 | D:5      | Killed Menkaure
  4301 | D:5      | Reached skill level 1 in Hexes
  4305 | D:5      | Killed from afar by a kobold

Illustrated notes

Levels and vault maps discovered:
D:1:      dpeg_arrival_simpleton_c, layout_basic
D:2:      layout_basic
D:3:      layout_basic, serial_corexii_hall, corexii_hall_statues_i,
          chequers_hall_statues_corner_a, gammafunk_ghost_abyssal_escape,
          minivault_4, hangedman_abyss_or_decor_lesser_grid
D:4:      layout_rooms, nicolae_overflow_two_pavilions,
          mainiacjoe_overflow_six_doors_small, temple_pool_b, nrook_mini_vaults
D:5:      nicolae_cairo_tiling_very_big, layout_cave_pools, serial_shops,
          nicolae_diamond_shop, nicolae_stop_n_shop_1, uniq_edmund,
          uniq_sigmund, uniq_menkaure, uniq_pikel, uniq_eustachio
Temple:   compressed_dpeg_triangle_lava_temple

Skill      XL: |  1  2  3  4  5  6  7 |
---------------+----------------------+-----
Conjurations   | 5 6 7 |  7.7
Spellcasting   | 4 5 6 7 |  7.0
Dodging        | 3 |  3.8
Stealth        | 3 |  3.6
Hexes          | 1 |  1.1
Translocations | |  0.1

Action                     |  1- 3 |  4- 6 |  7- 9 || total
---------------------------+-------+-------+-------++-------
  Melee: Unarmed           |     7 |       |       ||     7
         Staff             |     3 |       |       ||     3
         Dagger            |       |     4 |       ||     4
   Cast: Magic Dart        |    73 |    66 |     4 ||   143
         Searing Ray       |       |     5 |     3 ||     8
         Fulminant Prism   |       |     4 |     7 ||    11
         Iskenderun's Myst |       |     1 |     4 ||     5
    Use: Scroll            |       |       |     6 ||     6
 Armour: Robe              |       |     3 |     1 ||     4
  Dodge: Dodged            |    12 |     5 |       ||    17

Table legend: (Time is in decaauts)
 A = Elapsed time spent in this place.
 B = Non-inter-level travel time spent in this place.
 C = Inter-level travel time spent in this place.
 D = Time resting spent in this place.
 E = Time spent auto-exploring this place.
 F = Levels seen in this place.
 G = Mean time per level.
                   A        B        C        D        E       F      G
               +--------+--------+--------+--------+--------+-----+--------+
         Total |   4309 |   4027 |    282 |    813 |   2756 |   6 |  718.2 |
       Dungeon |   4041 |   3772 |    269 |    813 |   2516 |   5 |  808.2 |
        Temple |    267 |    254 |     13 |      0 |    240 |   1 |  267.0 |
               +--------+--------+--------+--------+--------+-----+--------+

Top non-repeatable levels by time:
     D:4: 1300 daAuts
     D:1: 797 daAuts
     D:3: 786 daAuts
     D:2: 771 daAuts
     D:5: 385 daAuts
  Temple: 267 daAuts
